 Dungeon Crawl Stone Soup version 0.30-a0-800-g7c54460 (webtiles) character file.

Game seed: 5603468262056722359

361 Illumine the Shield-Bearer (level 6, -5/49 HPs)
             Began as a Formicid Fighter on Feb 20, 2023.
             Slain by a gnoll
             ... wielding a +0 spear
             ... led by a gnoll bouda
              (6 damage)
             ... on level 5 of the Dungeon.
             The game lasted 00:04:11 (2498 turns).

Illumine the Shield-Bearer (Formicid Fighter)       Turns: 2498, Time: 00:04:11

Health: -5/49      AC:  9    Str: 22    XL:     6   Next: 99%
Magic:  6/6        EV:  7    Int:  8    God:
Gold:   167        SH:  5    Dex: 13    Spells: 5/5 levels left

rFire   . . .      SeeInvis +    a - +0 trident
rCold   . . .      Faith    .    c - +0 buckler
rNeg    . . .      Spirit   .    l - +0 chain mail
rPois   .          Reflect  .    (helmet unavailable)
rElec   .          Harm     .    (no cloak)
rCorr   .          Rampage  .    (no gloves)
Will    .....                    (no boots) Stlth
                                 (no amulet)
HPRegen 0.28/turn                j - ring of flight
MPRegen 0.10/turn                (no ring)

@: mighty, flying
A: permanent stasis, dig shafts and tunnels, antennae 3, four strong arms
a: Dig, Shaft Self


You were on level 5 of the Dungeon.
You visited 2 branches of the dungeon, and saw 6 of its levels.

You collected 167 gold pieces.

Inventory:

Hand Weapons
 a - a +0 trident (weapon)
 b - a +0 sling
Armour
 c - a +0 buckler (worn)
 g - a +0 scale mail
 l - a +0 chain mail (worn)
Jewellery
 j - a ring of flight (left hand)
 p - a ring of protection from fire
 s - a ring of willpower
Wands
 t - a wand of roots (13)
Scrolls
 f - a scroll of fog {unknown}
 m - 2 scrolls of poison {unknown}
 n - 2 scrolls of magic mapping {unknown}
 o - a scroll of vulnerability {unknown}
 q - 2 scrolls of blinking {unknown}
 u - a scroll of enchant armour {unknown}
 w - a scroll of brand weapon {unknown}
 x - a scroll of identify {unknown}
Potions
 e - 2 potions of flight {unknown}
 h - a potion of haste {unknown}
 i - 2 potions of magic {unknown}
 k - 2 potions of curing {unknown}
 r - a potion of heal wounds {unknown}
 v - 2 potions of degeneration {unknown}


   Skills:
 + Level 4.4 Fighting
 * Level 4.6 Polearms
 + Level 4.4 Armour
 - Level 5.0 Shields
 - Level 2.0 Evocations


You had 5 spell levels left.
You didn't know any spells.
Your spell library contained the following spells:

 Spells                   Type           Power      Damage    Failure   Level
 Foxfire                  Conj/Fire      0%         2x1d4     99%         1
 Fireball                 Conj/Fire      0%         3d3       100%        5
 Starburst                Conj/Fire      0%         6d3       100%        6


Dungeon Overview and Level Annotations

Branches:
Dungeon (5/15)             Temple (1/1) D:4

Altars:
Ashenzari
Cheibriados
Elyvilon
Hepliaklqana
Nemelex Xobeh
Qazlal
Ru
Vehumet
Wu Jian

Annotations:
D:3 Pargi
D:4 1 runed translucent door


Innate Abilities, Weirdness & Mutations

You cannot be hasted, slowed, berserked, paralysed or teleported.
You can dig through walls and to a lower floor.
You have a pair of large antennae on your head. (SInv)
Your four strong arms can wield two-handed weapons with a shield.


Message History

Your Evocations skill increases to level 2!
You hit the orc.
The orc is almost dead.
You block the orc's attack. You block the gnoll's attack.
You barely miss the orc.
The orc is almost dead.
The orc hits you but does no damage.
The gnoll hits you from afar with a +0 spear.
You hit the orc.
You kill the orc!
The gnoll barely misses you.
You closely miss the gnoll.
The gnoll hits you from afar with a +0 spear.
You block the gnoll's attack.
You hit the gnoll.
The gnoll is moderately wounded.
The gnoll hits you from afar with a +0 spear.
* * * LOW HITPOINT WARNING * * *
The gnoll hits you with a +0 flail.
* * * LOW HITPOINT WARNING * * *
You puncture the gnoll!
You kill the gnoll!
The gnoll hits you from afar with a +0 spear.
* * * LOW HITPOINT WARNING * * *
You block the gnoll's attack.
You closely miss the gnoll. The gnoll hits you but does no damage.
The gnoll closely misses you.
You puncture the gnoll!
The gnoll is heavily wounded.
Your attacks no longer feel as feeble.
The gnoll hits you with a +0 club.
* * * LOW HITPOINT WARNING * * *
The gnoll hits you from afar with a +0 spear.
* * * LOW HITPOINT WARNING * * *
You closely miss the gnoll.
The gnoll is heavily wounded.
The gnoll hits you with a +0 club.
* * * LOW HITPOINT WARNING * * *
The gnoll hits you from afar with a +0 spear.
You die...

o........
......#
#.....# #.
####....#
##..#......#
.........oo##
.......<.#gg#
.........##g#
........###@#
........# #.#
###.(...# #..
#....## ##..
#.... #.#
..#.. .. ...
...


You could see 3 gnolls and 2 orcs.

Vanquished Creatures
  An ogre (D:5)
  A phantom (D:4)
  A hound (D:4)
  A gnoll bouda (D:5)
  2 gnolls (D:5)
  3 adders
  2 worms
  3 dart slugs
  6 orcs
  A ball python (D:3)
  5 bats
  8 endoplasms
  7 goblins
  5 hobgoblins
  6 jackals
  3 quokkas
  2 frilled lizards (D:1)
  9 kobolds
  11 rats
77 creatures vanquished.

Vanquished Creatures (others)
  2 fungi (D:4)
  8 plants (D:2)
10 creatures vanquished.

Grand Total: 87 creatures vanquished

Notes
Turn   | Place    | Note
-------+----------+-------------------------------------------
     0 | D:1      | Illumine the Formicid Fighter began the quest for the Orb.
     0 | D:1      | Reached XP level 1. HP: 18/18 MP: 1/1
   108 | D:1      | Reached XP level 2. HP: 24/24 MP: 2/2
   377 | D:1      | Reached XP level 3. HP: 29/29 MP: 3/3
   888 | D:2      | Found a faded altar of an unknown god.
   963 | D:2      | Reached XP level 4. HP: 37/37 MP: 4/4
  1137 | D:2      | Found a hazy altar of Hepliaklqana.
  1476 | D:3      | Noticed Pargi
  1678 | D:4      | Found a staircase to the Ecumenical Temple.
  1688 | Temple   | Entered the Ecumenical Temple
  1865 | D:4      | Reached XP level 5. HP: 39/42 MP: 5/5
  2211 | D:4      | Noticed a phantom
  2227 | D:4      | Killed a phantom
  2228 | D:4      | Reached skill level 5 in Shields
  2228 | D:4      | Reached skill level 1 in Evocations
  2233 | D:4      | Reached XP level 6. HP: 36/48 MP: 6/6
  2441 | D:4      | Found a runed translucent door.
  2464 | D:5      | Entered Level 5 of the Dungeon
  2466 | D:5      | Noticed an ogre
  2484 | D:5      | Killed an ogre
  2498 | D:5      | HP: 1/49 [gnoll/+0 club[a gnoll bouda] (2)]
  2498 | D:5      | Slain by a gnoll

Illustrated notes

Levels and vault maps discovered:
D:1:      roderic_crossed_star, layout_loops_cross
D:2:      layout_basic, basic_altar, serial_forest,
          infiniplex_forest_clump_curved, infiniplex_forest_end_1,
          infiniplex_forest_diagonal, infiniplex_forest_lined_4_way,
          infiniplex_forest_clump_long, infiniplex_forest_corner_1,
          infiniplex_forest_pool, infiniplex_forest_zigzag_1,
          hellmonk_ecumenical_altar_defaced_shrine,
          minmay_misc_feat_more_columns
D:3:      layout_basic, chequers_temple_overflow_minitemple,
          nicolae_hepliaklqana_hazy_memory, gup_sewer_entry_bubbles,
          serial_shops, nicolae_shop_crystal, uniq_grinder, uniq_pargi
D:4:      layout_gridville, minmay_temple_entry_sparse_star,
          supply_closet_lemuel, uniq_crazy_yiuf_cottage
D:5:      layout_rooms, nicolae_gozag_seed_capital, uniq_menkaure,
          uniq_eustachio, uniq_duvessa
Temple:   hellmonk_temple_flake

Skill      XL: |  1  2  3  4  5  6 |
---------------+-------------------+-----
Polearms       | 3 4 |  4.6
Fighting       | 4 |  4.4
Armour         | 4 |  4.4
Shields        | 5 |  5.0
Evocations     | 1 2 |  2.0

Action                     |  1- 3 |  4- 6 || total
---------------------------+-------+-------++-------
  Melee: Trident           |    80 |   147 ||   227
   Fire: Sling             |    22 |       ||    22
    Use: Potion            |       |     1 ||     1
 Armour: Scale mail        |    22 |       ||    22
         Chain mail        |     5 |    71 ||    76
  Dodge: Dodged            |    40 |    38 ||    78
  Block: Buckler           |    27 |    39 ||    66

Table legend: (Time is in decaauts)
 A = Elapsed time spent in this place.
 B = Non-inter-level travel time spent in this place.
 C = Inter-level travel time spent in this place.
 D = Time resting spent in this place.
 E = Time spent auto-exploring this place.
 F = Levels seen in this place.
 G = Mean time per level.
                   A        B        C        D        E       F      G
               +--------+--------+--------+--------+--------+-----+--------+
         Total |   2546 |   2454 |     92 |    103 |   1687 |   6 |  424.3 |
       Dungeon |   2396 |   2313 |     83 |    103 |   1556 |   5 |  479.2 |
        Temple |    149 |    140 |      9 |      0 |    131 |   1 |  149.0 |
               +--------+--------+--------+--------+--------+-----+--------+

Top non-repeatable levels by time:
     D:2: 813 daAuts
     D:1: 737 daAuts
     D:4: 720 daAuts
  Temple: 149 daAuts
     D:3: 88 daAuts
     D:5: 36 daAuts
